AoeStats
← moisesmendez336

MegaRandom

510201595Analyzed
3v3 RM · 2d ago on Sep 29, 2026· 45m 13s· 6 players
Game mode
Random Map
Map size
Normal (6 player)
Population
200
Speed
Normal
Resources
Standard
Victory
Conquest
Starting age
Dark Age
Ending age
Imperial Age
RankedLock teamsTeams togetherTeam positionsShared explorationLock speedFull tech treeHidden civsTurbo modeCheats
Victory
Defeat
🇪🇸 Spanish · Spain
900
+15
🇺🇸 Ethiopians · United States
897
+15
🇪🇸 Huns · Spain
870
+16
🇺🇸 Spanish · United States
917
-43
🇺🇸 Persians · United States
908
-16
🇨🇴 Khmer · Colombia
822
-13
Quack Y Attack
7:29 Loom
10:34 Feudal Age
14:04 Double-Bit Axe
16:19 Horse Collar
17:38 Fletching
21:41 Castle Age
22:34 Gold Mining
22:11 Crossbowman
25:33 Bodkin Arrow
30:34 Wheelbarrow
31:24 Ballistics
32:33 Squires
37:24 Imperial Age
35:25 Padded Archer Armor
35:49 Bow Saw
36:40 Caravan
37:11 Thumb Ring
37:44 Arbalester
38:27 Bracer
39:43 Chemistry
40:07 Gold Shaft Mining
39:23 Stone Mining
41:16 Hand Cart
DrMantisToboggan
11:15 Feudal Age
11:49 Double-Bit Axe
11:53 Loom
15:31 Horse Collar
21:04 Castle Age
19:19 Gold Mining
20:10 Fletching
21:52 Bodkin Arrow
22:12 Bow Saw
22:04 Heavy Plow
22:44 Fishing Lines
22:59 Fishing Lines
24:45 Forging
25:06 Stone Mining
26:13 Gillnets
26:39 Pikeman
31:09 Caravan
33:59 Imperial Age
34:11 Padded Archer Armor
35:39 Wheelbarrow
37:14 Chemistry
36:34 Ballistics
36:18 Bracer
36:33 Leather Archer Armor
36:46 Parthian Tactics
36:27 Thumb Ring
39:10 Iron Casting
38:40 Scale Barding Armor
39:05 Conscription
38:06 Elite Tarkan
38:49 Marauders
40:58 Blast Furnace
41:40 Two-Man Saw
40:58 Heavy Cavalry Archer
42:37 Caravan
bene_solar
10:48 Feudal Age
17:25 Castle Age
15:49 Fletching
18:47 Loom
24:42 Bodkin Arrow
32:21 Double-Bit Axe
33:36 Pikeman
34:45 Murder Holes
35:38 Inquisition
35:41 Gold Mining
40:07 Scale Mail Armor
42:14 Bow Saw
rojasfelix253
0:31 Loom
10:29 Feudal Age
11:14 Double-Bit Axe
18:24 Bloodlines
26:09 Castle Age
25:47 Scale Barding Armor
25:43 Scale Mail Armor
25:43 Padded Archer Armor
29:10 Husbandry
30:52 Wheelbarrow
30:34 Bow Saw
31:14 Gold Mining
31:57 Elite Skirmisher
33:46 Gold Shaft Mining
34:50 Forging
40:48 Chain Barding Armor
40:43 Chain Mail Armor
40:41 Crossbowman
42:21 Thumb Ring
42:38 Hand Cart
43:22 Fletching
43:48 Leather Archer Armor
jgmolina20
11:04 Feudal Age
11:27 Loom
24:18 Castle Age
23:17 Bloodlines
30:55 Fletching
31:09 Light Cavalry
33:06 Tusk Swords
35:39 Fishing Lines
37:09 Forging
38:26 Wheelbarrow
39:06 Gillnets
moisesmendez336
1:10 Loom
13:56 Feudal Age
15:50 Wheelbarrow
Connection lost

Rejoining the realm…

Still unreachable

The connection could not be restored.

Session expired

The server has moved on; the page needs a fresh start.